cohdb
Replays
Latest Replays
All Replays
Popular Replays
Top Player Replays
Match Explorer
How It Works
Community
CoH3 Stats
Reddit
Sign in to upload your games and track your stats! →
Sign in with Steam
Match 43049483
Unlisted
Match 43049483
Overview
Messages
Build Orders
End
Construct Infanterie Kompanie
Kettenkrad Recon Vehicle
MG 42 Machine Gun Team
Grenadier Squad
GrW 34 Mortar Team
Construct Luftwaffe Kompanie
Jäger Squad
Selects Breakthrough Battlegroup
Selects Assault Grenadiers
Support Elements
Wirbelwind Flakpanzer
Jäger Squad
Luftwaffe Officer Quarters
Kettenkrad Recon Vehicle
Marder III M Tank Destroyer
Selects Smoke Bombing Run
Selects Incendiary Bombing Run
Construct Panzer Kompanie
Selects 2.5-tonne Cargo Truck
2.5-tonne Cargo Truck
Pioneer Squad
Wirbelwind Flakpanzer
Stoßtruppen Squad
Kettenkrad Recon Vehicle
Incendiary Bombing Run
Incendiary Bombing Run
Stoßtruppen Squad
Selects Blitzkrieg
Sturmpanzer IV Brummbär
Incendiary Bombing Run
Side Skirts
Stoßtruppen Squad
Stoßtruppen Squad
Selects Tiger Heavy Tank
Tiger Heavy Tank
Kettenkrad Recon Vehicle
Incendiary Bombing Run
Panzer IV Medium Tank
Incendiary Bombing Run
Panzer Officer Quarters
Pioneer Squad
Pioneer Squad
Marder III M Tank Destroyer
Kettenkrad Recon Vehicle
Incendiary Bombing Run
Incendiary Bombing Run
R.I.P. ~König~
BigKatSimba
thep00ka
Finis
admiral_gnar
DarthGrogu23
0
0
Comments
sign in to comment!
No comments posted yet!